MLB
ARIZONA DIAMONDBACKS @ MILWAUKEE BREWERS
08/24/2019
 
TOP OF THE 1ST
Arizona Diamondbacks batting - Pitching for Milwaukee Brewers : RHP Jon Gray
Pitching: RHP Jon Gray
Batting: LHB Raimel Tapia 0-0: Swinging Strike
0-1: Ball
1-1: Called Strike
1-2: Ball
2-2: Foul Ball, location: 2F
2-2: Ball
3-2: Foul Ball, location: 2F
3-2: Strikes out looking
Batting: LHB Alex Verdugo 0-0: Ball
1-0: Ball
2-0: Ground out 6-3 (Groundball, 56D, EV 104.4 MPH)
Batting: RHB Gleyber Torres 0-0: Foul Ball, location: 2F
0-1: Called Strike
0-2: SINGLE (Flyball, 7S, EV 90.0 MPH)
Batting: LHB Ryan McMahon 0-0: Called Strike
0-1: Fly out, F2 (Popup, 25F, EV 90.0 MPH)
Top of the 1st over - 0 runs, 1 hit, 0 errors, 1 left on base; Arizona 0 - Milwaukee 0
BOTTOM OF THE 1ST
Milwaukee Brewers batting - Pitching for Arizona Diamondbacks : RHP Dinelson Lamet
Pitching: RHP Dinelson Lamet
Batting: RHB Dawel Lugo 0-0: Ball
1-0: Ball
2-0: Called Strike
2-1: Ground out 6-3 (Groundball, 6, EV 90.0 MPH)
Batting: RHB Eugenio Suarez 0-0: Ground out 6-3 (Groundball, 6, EV 80.6 MPH)
Batting: RHB Aaron Judge 0-0: Called Strike
0-1: Ball
1-1: Ball
2-1: Foul Ball, location: 2F
2-2: Foul Ball, location: 2F
2-2: SINGLE (Line Drive, 7S, EV 106.9 MPH)
Batting: LHB Eric Hosmer 0-0: Ball
1-0: Fly out, F7 (Flyball, 78D, EV 88.8 MPH)
Bottom of the 1st over - 0 runs, 1 hit, 0 errors, 1 left on base; Arizona 0 - Milwaukee 0
TOP OF THE 2ND
Arizona Diamondbacks batting - Pitching for Milwaukee Brewers : RHP Jon Gray
Batting: SHB Francisco Mejia 0-0: Ball
1-0: Ball
2-0: Ball
3-0: Base on Balls
Batting: LHB Josh Reddick 0-0: Ball
1-0: Fly out, F9 (Flyball, 9LM, EV 103.1 MPH)
Batting: RHB Tim Beckham 0-0: Ball
1-0: 2-RUN HOME RUN (Flyball, 78XD, EV 99.4 MPH), Distance : 409 ft
Batting: RHB Zack Short 0-0: Called Strike
0-1: Foul Ball, location: 2F
0-2: Foul Ball, location: 2F
0-2: Strikes out swinging
Batting: RHB Dinelson Lamet 0-0: Foul Ball, location: 2F
0-1: Swinging Strike
0-2: Strikes out looking
Top of the 2nd over - 2 runs, 1 hit, 0 errors, 0 left on base; Arizona 2 - Milwaukee 0
BOTTOM OF THE 2ND
Milwaukee Brewers batting - Pitching for Arizona Diamondbacks : RHP Dinelson Lamet
Batting: RHB Tommy Pham 0-0: Ball
1-0: TRIPLE (Line Drive, 8LXD, EV 109.4 MPH)
Batting: RHB Yonathan Daza 0-0: Called Strike
0-1: Called Strike
0-2: Strikes out swinging
Batting: RHB Gary Sanchez 0-0: Ball
1-0: Ball
2-0: Called Strike
2-1: Foul Ball, location: 2F
2-2: Strikes out looking
Batting: RHB Jon Gray 0-0: Ball
Wild Pitch!
Tommy Pham scores
1-0: Foul Ball, location: 2F
1-1: Called Strike
1-2: Foul Ball, location: 2F
1-2: Ball
2-2: Strikes out swinging
Bottom of the 2nd over - 1 run, 1 hit, 0 errors, 0 left on base; Arizona 2 - Milwaukee 1
TOP OF THE 3RD
Arizona Diamondbacks batting - Pitching for Milwaukee Brewers : RHP Jon Gray
Batting: LHB Raimel Tapia 0-0: Foul Ball, location: 2F
0-1: Ball
1-1: Foul Ball, location: 2F
1-2: Ground out 4-3 (Groundball, 34D, EV 80.0 MPH)
Batting: LHB Alex Verdugo 0-0: Foul Ball, location: 2F
0-1: Swinging Strike
0-2: Strikes out swinging
Batting: RHB Gleyber Torres 0-0: Called Strike
0-1: Ball
1-1: Ball
2-1: Ball
3-1: Fly out, F9 (Flyball, 9LS, EV 95.6 MPH)
Top of the 3rd over - 0 runs, 0 hits, 0 errors, 0 left on base; Arizona 2 - Milwaukee 1
BOTTOM OF THE 3RD
Milwaukee Brewers batting - Pitching for Arizona Diamondbacks : RHP Dinelson Lamet
Batting: RHB Addison Russell 0-0: Called Strike
0-1: Foul Ball, location: 2F
0-2: Strikes out swinging
Batting: RHB Dawel Lugo 0-0: Called Strike
0-1: DOUBLE (Line Drive, 5D, EV 95.6 MPH)
Batting: RHB Eugenio Suarez 0-0: Called Strike
0-1: Fly out, F5 (Popup, 5SF, EV 68.8 MPH)
Batting: RHB Aaron Judge 0-0: Called Strike
0-1: Foul Ball, location: 2F
0-2: Ball
1-2: Ball
2-2: Foul Ball, location: 2F
2-2: Ball
3-2: Foul Ball, location: 2F
3-2: Ground out 6-3 (Groundball, 6, EV 83.8 MPH)
Bottom of the 3rd over - 0 runs, 1 hit, 0 errors, 1 left on base; Arizona 2 - Milwaukee 1
TOP OF THE 4TH
Arizona Diamondbacks batting - Pitching for Milwaukee Brewers : RHP Jon Gray
Batting: LHB Ryan McMahon 0-0: Ball
1-0: Swinging Strike
1-1: Swinging Strike
1-2: Ball
2-2: Strikes out swinging
Batting: SHB Francisco Mejia 0-0: Ball
1-0: Ball
2-0: Reached on error, E5 (Groundball, 56S, EV 91.3 MPH)
Batting: LHB Josh Reddick 0-0: Called Strike
0-1: Foul Ball, location: 2F
0-2: Foul Ball, location: 2F
0-2: Ball
1-2: Ball
2-2: Ball
3-2: Foul Ball, location: 2F
3-2: Fly out, F9 (Flyball, 89S, EV 95.0 MPH)
Batting: RHB Tim Beckham 0-0: Swinging Strike
0-1: Called Strike
0-2: Strikes out swinging
Top of the 4th over - 0 runs, 0 hits, 1 error, 1 left on base; Arizona 2 - Milwaukee 1
BOTTOM OF THE 4TH
Milwaukee Brewers batting - Pitching for Arizona Diamondbacks : RHP Dinelson Lamet
Batting: LHB Eric Hosmer 0-0: Ball
1-0: Swinging Strike
1-1: Ball
2-1: Ground out 4-3 (Groundball, 4, EV 86.3 MPH)
Batting: RHB Tommy Pham 0-0: Foul Ball, location: 2F
0-1: Ball
1-1: Ball
2-1: Foul Ball, location: 2F
2-2: Ball
3-2: SINGLE (Line Drive, 9LS, EV 111.3 MPH)
Batting: RHB Yonathan Daza 0-0: Ball
Tommy Pham steals 2nd base
1-0: Foul Ball, location: 2F
1-1: Reached on error, E5 (Groundball, 5S, EV 63.8 MPH)
Tommy Pham scores
Batting: RHB Gary Sanchez 0-0: Called Strike
0-1: Ball
1-1: Foul Ball, location: 2F
1-2: Ball
2-2: Ground out 6-3 (Groundball, 6, EV 97.5 MPH)
Batting: RHB Jon Gray 0-0: Ball
1-0: Ball
2-0: Swinging Strike
2-1: Swinging Strike
2-2: Ball
3-2: Ground out 6-3 (Groundball, 6, EV 83.1 MPH)
Bottom of the 4th over - 1 run, 1 hit, 1 error, 1 left on base; Arizona 2 - Milwaukee 2
TOP OF THE 5TH
Arizona Diamondbacks batting - Pitching for Milwaukee Brewers : RHP Jon Gray
Batting: RHB Zack Short 0-0: Ball
1-0: Foul Ball, location: 2F
1-1: Ball
2-1: Foul Ball, location: 2F
2-2: Ball
3-2: Strikes out swinging, 2-3 out at first.
Batting: RHB Dinelson Lamet 0-0: Ball
1-0: Swinging Strike
1-1: Called Strike
1-2: Ball
2-2: DOUBLE (Line Drive, 9LM, EV 100.0 MPH)
Batting: LHB Raimel Tapia 0-0: Swinging Strike
0-1: Ball
1-1: Called Strike
1-2: Strikes out swinging
Batting: LHB Alex Verdugo 0-0: Ball
1-0: Foul Ball, location: 2F
1-1: Foul Ball, location: 2F
1-2: Strikes out swinging
Top of the 5th over - 0 runs, 1 hit, 0 errors, 1 left on base; Arizona 2 - Milwaukee 2
BOTTOM OF THE 5TH
Milwaukee Brewers batting - Pitching for Arizona Diamondbacks : RHP Dinelson Lamet
Batting: RHB Addison Russell 0-0: Ball
1-0: Foul Ball, location: 2F
1-1: Fly out, F8 (Flyball, 8LM, EV 90.6 MPH)
Batting: RHB Dawel Lugo 0-0: Called Strike
0-1: Foul Ball, location: 2F
0-2: Strikes out looking
Batting: RHB Eugenio Suarez 0-0: Ball
1-0: Ground out 5-3 (Groundball, 56, EV 86.3 MPH)
Bottom of the 5th over - 0 runs, 0 hits, 0 errors, 0 left on base; Arizona 2 - Milwaukee 2
TOP OF THE 6TH
Arizona Diamondbacks batting - Pitching for Milwaukee Brewers : RHP Jon Gray
Batting: RHB Gleyber Torres 0-0: Ball
1-0: Fly out, F2 (Popup, 5SF, EV 81.9 MPH)
Batting: LHB Ryan McMahon 0-0: Ball
1-0: SINGLE (Groundball, 34D, EV 101.3 MPH)
Pitching: RHP Andrew Kittredge
Batting: SHB Francisco Mejia 0-0: Called Strike
0-1: Ball
1-1: Called Strike
1-2: Grounds into double play, 6-4-3 (Groundball, 6M, EV 95.6 MPH)
Top of the 6th over - 0 runs, 1 hit, 0 errors, 0 left on base; Arizona 2 - Milwaukee 2
BOTTOM OF THE 6TH
Milwaukee Brewers batting - Pitching for Arizona Diamondbacks : RHP Dinelson Lamet
Batting: RHB Aaron Judge 0-0: Called Strike
0-1: Ball
1-1: Ball
2-1: Called Strike
2-2: Ball
3-2: Strikes out swinging
Batting: LHB Eric Hosmer 0-0: Ground out 1-3 (Groundball, 34S, EV 83.1 MPH)
Batting: RHB Tommy Pham 0-0: Foul Ball, location: 2F
0-1: Ball
1-1: Ball
2-1: Called Strike
2-2: Ball
3-2: Strikes out swinging
Bottom of the 6th over - 0 runs, 0 hits, 0 errors, 0 left on base; Arizona 2 - Milwaukee 2
TOP OF THE 7TH
Arizona Diamondbacks batting - Pitching for Milwaukee Brewers : RHP Andrew Kittredge
Batting: LHB Josh Reddick 0-0: Foul Ball, location: 2F
0-1: Called Strike
0-2: Ball
1-2: Ball
2-2: Ground out U3 (Groundball, 34, EV 90.0 MPH)
Batting: RHB Tim Beckham 0-0: Called Strike
0-1: Foul Ball, location: 2F
0-2: Fly out, F8 (Flyball, 8LM, EV 90.6 MPH)
Batting: RHB Zack Short 0-0: Called Strike
0-1: Ball
1-1: Called Strike
1-2: Strikes out swinging
Top of the 7th over - 0 runs, 0 hits, 0 errors, 0 left on base; Arizona 2 - Milwaukee 2
BOTTOM OF THE 7TH
Milwaukee Brewers batting - Pitching for Arizona Diamondbacks : RHP Dinelson Lamet
Pitching: RHP Jandel Gustave
Batting: RHB Yonathan Daza 0-0: Ball
1-0: Foul Ball, location: 2F
1-1: Foul Ball, location: 2F
1-2: Foul Ball, location: 2F
1-2: Strikes out swinging
Batting: RHB Gary Sanchez 0-0: Called Strike
0-1: Ball
1-1: Ball
2-1: Ball
3-1: SINGLE (Line Drive, 8LS, EV 93.1 MPH)
Pinch Hitting: RHB A.J. Pollock 0-0: Called Strike
0-1: Ball
1-1: Fielders Choice at 2nd, 4-6 (Groundball, 4MD, EV 105.6 MPH)
Batting: RHB Addison Russell 0-0: Ball
1-0: SINGLE (Line Drive, 56D, EV 106.9 MPH)
A.J. Pollock to second
Batting: RHB Dawel Lugo 0-0: Ground out 4-3 (Groundball, 4, EV 103.8 MPH)
Bottom of the 7th over - 0 runs, 2 hits, 0 errors, 2 left on base; Arizona 2 - Milwaukee 2
TOP OF THE 8TH
Arizona Diamondbacks batting - Pitching for Milwaukee Brewers : RHP Andrew Kittredge
Pitching: LHP Jose Quijada
Pinch Hitting: LHB Socrates Brito 0-0: Ball
1-0: Called Strike
1-1: Ball
2-1: Foul Ball, location: 2F
2-2: Ground out 4-3 (Groundball, 4, EV 88.8 MPH)
Batting: LHB Raimel Tapia 0-0: Ball
1-0: Called Strike
1-1: Ball
2-1: Foul Ball, location: 2F
2-2: Foul Ball, location: 2F
2-2: Ground out 5-3 (Groundball, 56, EV 88.8 MPH)
Batting: LHB Alex Verdugo 0-0: Called Strike
0-1: SINGLE (Groundball, 34D, EV 103.1 MPH)
Batting: RHB Gleyber Torres 0-0: SINGLE (Flyball, 78M, EV 93.1 MPH)
Alex Verdugo to second
Batting: LHB Ryan McMahon 0-0: Called Strike
0-1: Swinging Strike
0-2: Ball
1-2: DOUBLE (Line Drive, 7LD, EV 112.5 MPH)
Alex Verdugo scores
Gleyber Torres to third
Runner from 3rd tries for Home, SAFE, throw by LF to home
Batting: SHB Francisco Mejia 0-0: Swinging Strike
0-1: Ball
1-1: Swinging Strike
1-2: Ball
2-2: Strikes out swinging
Top of the 8th over - 2 runs, 3 hits, 0 errors, 1 left on base; Arizona 4 - Milwaukee 2
BOTTOM OF THE 8TH
Milwaukee Brewers batting - Pitching for Arizona Diamondbacks : RHP Jandel Gustave
Pitching: LHP Dan Jennings
Batting: RHB Eugenio Suarez 0-0: Fly out, F7 (Flyball, 7S, EV 90.0 MPH)
Batting: RHB Aaron Judge 0-0: Foul Ball, location: 2F
0-1: Ball
1-1: Foul Ball, location: 2F
1-2: SOLO HOME RUN (Flyball, 9D, EV 103.8 MPH), Distance : 397 ft
Batting: LHB Eric Hosmer 0-0: Foul Ball, location: 2F
0-1: Ground out 1-3 (Groundball, P, EV 91.9 MPH)
Batting: RHB Tommy Pham 0-0: Ball
1-0: Called Strike
1-1: Swinging Strike
1-2: Strikes out looking
Bottom of the 8th over - 1 run, 1 hit, 0 errors, 0 left on base; Arizona 4 - Milwaukee 3
TOP OF THE 9TH
Arizona Diamondbacks batting - Pitching for Milwaukee Brewers : LHP Jose Quijada
Pitching: RHP Chad Green
Batting: LHB Josh Reddick 0-0: Fly out, F8 (Flyball, 89D, EV 91.3 MPH)
Batting: RHB Tim Beckham 0-0: Called Strike
0-1: Foul Ball, location: 2F
0-2: Ball
1-2: Ball
2-2: Ball
3-2: Fly out, F9 (Flyball, 89D, EV 105.6 MPH)
Batting: RHB Zack Short 0-0: Called Strike
0-1: Foul Ball, location: 2F
0-2: Ball
1-2: Ball
2-2: Foul Ball, location: 2F
2-2: Hit by Pitch
Pinch Hitting: RHB Christian Walker 0-0: Foul Ball, location: 2F
0-1: Ball
1-1: Fly out, F8 (Line Drive, 8LM, EV 87.5 MPH)
Top of the 9th over - 0 runs, 0 hits, 0 errors, 1 left on base; Arizona 4 - Milwaukee 3
BOTTOM OF THE 9TH
Milwaukee Brewers batting - Pitching for Arizona Diamondbacks : LHP Dan Jennings
Pitching: RHP J.B. Wendelken
Pinch Hitting: LHB Jeff McNeil 0-0: Hit by Pitch
Batting: RHB Gary Sanchez 0-0: Ball
1-0: Ball
2-0: Ball
3-0: Base on Balls
Jeff McNeil to second
Pinch Hitting: RHB Manny Pina 0-0: Ball
1-0: Swinging Strike
1-1: Ball
2-1: Swinging Strike
2-2: Strikes out looking
Batting: RHB Addison Russell 0-0: Ball
1-0: Ball
2-0: Called Strike
2-1: Ground out 5-3 (Groundball, 56, EV 88.8 MPH)
Jeff McNeil to third
Gary Sanchez to second
Pinch Hitting: LHB Jon Jay 0-0: Ball
1-0: Swinging Strike
1-1: Foul Ball, location: 2F
1-2: Strikes out swinging
Bottom of the 9th over - 0 runs, 0 hits, 0 errors, 2 left on base; Arizona 4 - Milwaukee 3
Wednesday, November 27th, 2019 - OOTP Baseball 20.8 Build 73